[Event "Niedersachsen-ch 2020"]
[Site "Verden-Aller"]
[Date "2020.01.02"]
[Round "2.10"]
[White "Scheffner, Jarno"]
[Black "Issing, Peter"]
[Result "0-1"]
[ECO "B43"]
[WhiteElo "1935"]
[BlackElo "2151"]
[Annotator "ChessBase"]
[PlyCount "130"]
[EventDate "2020.01.02"]
[EventType "swiss"]
[EventCountry "GER"]
[SourceTitle "playchess.com"]
[Source "ChessBase"]
[SourceQuality "1"]
[TimeControl "40/5400+30:1800+30"]

1. e4 c5 2. Nf3 e6 3. Nc3 a6 4. d4 cxd4 5. Nxd4 Qc7 6. Be2 Nf6 7. a3 Nc6 8. Be3 b5 9. Nxc6 dxc6 10. O-O Bb7 11. f4 Be7 12. Bf3 e5 13. fxe5 Qxe5 14. Qd4 Bd6 15. Qxe5+ Bxe5 16. Rad1 O-O 17. Rd3 Rfe8 18. Nd1 Re6 19. Bc5 Rae8 20. c3 Bc8 21. Nf2 h5 22. Rfd1 g6 23. Rd8 Bc7 24. Rxe8+ Rxe8 25. Bd6 Bb6 26. e5 Ng4 27. Bxg4 Bxg4 28. Ra1 Be6 29. Kf1 Bc4+ 30. Ke1 Bd5 31. g3 Kg7 32. Nd3 h4 33. gxh4 Bd8 34. Nb4 Bxh4+ 35. Kd2 Bg5+ 36. Kd3 Bc4+ 37. Kd4 Rh8 38. Kc5 Rxh2 39. e6 Rxb2 40. exf7 Kxf7 41. Nxa6 Bd5 42. Rf1+ Kg8 43. Kb6 Rb3 44. Nc7 Be3+ 45. Ka5 Bf7 46. Bb4 c5 47. Nxb5 cxb4 48. cxb4 Bg5 49. Nd6 Rxa3+ 50. Kb5 Be6 51. Rg1 Bd7+ 52. Kc4 Be7 53. b5 Kg7 54. Rd1 Be6+ 55. Kc5 Rc3+ 56. Kb6 Bg4 57. Rd4 Bf3 58. Ne4 Re3 59. Nd2 Re6+ 60. Kc7 Be2 61. b6 Bf6 62. Rd7+ Kh6 63. b7 Be5+ 64. Kd8 Bb5 65. Rd5 Re8# 0-1

[Event "Niedersachsen-ch 2020"]
[Site "Verden-Aller"]
[Date "2020.01.02"]
[Round "2.11"]
[White "Lehmkuhl, Stefan"]
[Black "Hengst, Ruediger"]
[Result "1-0"]
[ECO "A45"]
[WhiteElo "1855"]
[BlackElo "1668"]
[Annotator "NA"]
[PlyCount "59"]
[EventDate "2020.01.02"]
[EventType "swiss"]
[EventCountry "GER"]
[SourceTitle "playchess.com"]
[Source "ChessBase"]
[SourceQuality "1"]
[TimeControl "40/5400+30:1800+30"]

1. d4 Nf6 2. Bg5 Ne4 3. Bh4 d5 4. Nd2 Nxd2 5. Qxd2 g6 6. e3 Bg7 7. Be2 O-O 8. Nf3 Nd7 9. O-O Nf6 10. Rac1 Ne4 11. Qb4 f6 12. c4 c6 13. Rfd1 a5 14. Qe1 Be6 15. Nd2 Nd6 16. b3 Qd7 17. cxd5 cxd5 18. f3 Bh6 19. Bf2 f5 20. f4 b5 21. Nf3 Bg7 22. Rc5 Rfc8 23. Rdc1 b4 24. Ng5 Nb7 25. Bb5 Qd6 26. Rc6 Rxc6 27. Rxc6 Qd7 28. Nxe6 Nd6 29. Nc5 Qe8 30. Ba4 1-0

[Event "Niedersachsen-ch 2020"]
[Site "Verden-Aller"]
[Date "2020.01.02"]
[Round "2.12"]
[White "Brunner, Alexander"]
[Black "Gruening, Thomas"]
[Result "1-0"]
[ECO "A80"]
[WhiteElo "1991"]
[BlackElo "1855"]
[Annotator "NA"]
[PlyCount "59"]
[EventDate "2020.01.02"]
[EventType "swiss"]
[EventCountry "GER"]
[SourceTitle "playchess.com"]
[Source "ChessBase"]
[SourceQuality "1"]
[TimeControl "40/5400+30:1800+30"]

1. d4 f5 2. Nc3 Nf6 3. Bf4 e6 4. Nf3 b6 5. e3 Bb7 6. Bd3 Nc6 7. e4 fxe4 8. Nxe4 Be7 9. c3 O-O 10. Qd2 a5 11. h4 Kh8 12. Bg5 Nxd4 13. Nxd4 Nxe4 14. Bxe4 Bxe4 15. f3 Bb7 16. O-O-O a4 17. f4 a3 18. b3 c5 19. Nf3 d5 20. Rhe1 h6 21. Rxe6 hxg5 22. Ne5 Bd6 23. Ng6+ Kg8 24. hxg5 Qd7 25. Qe2 Bxf4+ 26. Kb1 Bxg5 27. Rh1 Bh6 28. Ne7+ Kf7 29. Rf1+ Ke8 30. Nc6+ 1-0

[Event "Niedersachsen-ch 2020"]
[Site "Verden-Aller"]
[Date "2020.01.03"]
[Round "3.1"]
[White "Schulze, Torben"]
[Black "Abel, Dennes"]
[Result "0-1"]
[ECO "B12"]
[WhiteElo "2266"]
[BlackElo "2463"]
[Annotator "ChessBase"]
[PlyCount "164"]
[EventDate "2020.01.02"]
[EventType "swiss"]
[EventCountry "GER"]
[SourceTitle "playchess.com"]
[Source "ChessBase"]
[SourceQuality "1"]
[TimeControl "40/5400+30:1800+30"]

1. e4 c6 2. d4 d5 3. e5 Bf5 4. h4 Qc7 5. c4 e6 6. Nc3 h6 7. Be3 Ne7 8. Rc1 dxc4 9. Bxc4 Nd7 10. Nge2 a6 11. Ng3 Bh7 12. f4 Nb6 13. Bb3 O-O-O 14. Qf3 Kb8 15. O-O Nf5 16. Nxf5 Bxf5 17. Bf2 h5 18. Ne4 Bxe4 19. Qxe4 g6 20. Rfd1 Nd5 21. g3 Bb4 22. Rd3 Ba5 23. Bxd5 Rxd5 24. Rc5 Rhd8 25. Kg2 Bb6 26. Rxd5 Rxd5 27. Rc3 Qd7 28. Rc4 Rb5 29. b3 Rd5 30. b4 Ba7 31. a3 Kc7 32. Kh2 Qe7 33. Rc3 Bb6 34. Rd3 a5 35. Be1 Qd7 36. Bc3 Kd8 37. Kg2 Ke8 38. Kh3 Bd8 39. Rd1 Kf8 40. Rb1 axb4 41. axb4 Bb6 42. Rd1 Ke7 43. Rd2 Kd8 44. Rd1 Kc7 45. Rd2 Rb5 46. g4 hxg4+ 47. Kxg4 Rd5 48. Kg3 Kb8 49. Rd1 Qd8 50. Qe3 Qh8 51. Qf3 Bd8 52. Rh1 Bb6 53. Rd1 f5 54. Qd3 Qh7 55. Qe2 Bd8 56. Rh1 Rd7 57. b5 cxb5 58. Qxb5 Rd5 59. Qe2 Ba5 60. Bxa5 Rxa5 61. Rd1 Qd7 62. Qc4 Ra3+ 63. Kg2 Ra5 64. Rb1 Rd5 65. Rb4 b5 66. Kf2 Ka7 67. Qa2+ Kb6 68. Ke3 Qe7 69. Qa3 Qxh4 70. Qa8 Qg3+ 71. Kd2 Qxf4+ 72. Kc3 Qc1+ 73. Kb3 Qb1+ 74. Kc3 Qc1+ 75. Kb3 Qc7 76. Qe8 Qc6 77. Qxg6 Rd8 78. Qg1 Qd5+ 79. Kb2 Ra8 80. Rb3 Ra4 81. Rd3 Qa2+ 82. Kc3 Rc4# 0-1

[Event "Niedersachsen-ch 2020"]
[Site "Verden-Aller"]
[Date "2020.01.03"]
[Round "3.4"]
[White "Ermel, Dirk"]
[Black "Renner, Kai"]
[Result "1/2-1/2"]
[ECO "A10"]
[WhiteElo "2125"]
[BlackElo "2180"]
[Annotator "ChessBase"]
[PlyCount "129"]
[EventDate "2020.01.02"]
[EventType "swiss"]
[EventCountry "GER"]
[SourceTitle "playchess.com"]
[Source "ChessBase"]
[SourceQuality "1"]
[TimeControl "40/5400+30:1800+30"]

1. c4 f5 2. Nc3 Nf6 3. g3 g6 4. Bg2 Bg7 5. Nf3 O-O 6. O-O d6 7. d3 Nc6 8. Bd2 e5 9. Rb1 h6 10. b4 g5 11. Ne1 f4 12. b5 Ne7 13. e3 Ng6 14. Nd5 Kh8 15. exf4 exf4 16. Bc3 Nxd5 17. Bxg7+ Kxg7 18. Bxd5 Bh3 19. Ng2 Qf6 20. Re1 fxg3 21. fxg3 Qd4+ 22. Kh1 Ne5 23. Re4 Qf2 24. Re2 Qf6 25. Re1 Ng4 26. Qd2 Rae8 27. Be4 Qd4 28. Qb2 Nf2+ 29. Kg1 Qxb2 30. Rxb2 Bxg2 31. Rxf2 Bxe4 32. Rxe4 Rxe4 33. Rxf8 Rxc4 34. Rb8 Rc1+ 35. Kf2 b6 36. Ke3 Rc2 37. Rb7 Kf6 38. h4 gxh4 39. gxh4 Rxa2 40. Rxc7 Rb2 41. Rxa7 Rxb5 42. Ra4 Re5+ 43. Kf3 Ke6 44. Ra8 Kd5 45. Rh8 h5 46. Rb8 Kc6 47. d4 Ra5 48. Ke4 b5 49. d5+ Kc7 50. Rh8 Ra4+ 51. Kf5 Rxh4 52. Rh7+ Kb6 53. Ke6 b4 54. Rh8 Kc5 55. Rc8+ Kd4 56. Kxd6 b3 57. Rb8 Kc3 58. Ke5 b2 59. d6 Rh1 60. d7 Rd1 61. Rc8+ Kb3 62. Rb8+ Kc2 63. Rc8+ Kb3 64. Rb8+ Kc3 65. Rc8+ 1/2-1/2

[Event "Niedersachsen-ch 2020"]
[Site "Verden-Aller"]
[Date "2020.01.03"]
[Round "3.12"]
[White "Frese, Immo"]
[Black "Eickhoff, Hermann"]
[Result "0-1"]
[ECO "A53"]
[WhiteElo "1697"]
[BlackElo "1785"]
[Annotator "NA RC"]
[PlyCount "62"]
[EventDate "2020.01.02"]
[EventType "swiss"]
[EventCountry "GER"]
[SourceTitle "playchess.com"]
[Source "ChessBase"]
[SourceQuality "1"]
[TimeControl "40/5400+30:1800+30"]

1. d4 Nf6 2. c4 d6 3. Nc3 c6 4. e4 Nbd7 5. Nf3 e5 6. d5 Nc5 7. Qc2 Be7 8. h3 a5 9. Be2 Na6 10. a3 Bd7 11. Be3 cxd5 12. cxd5 O-O 13. O-O Qc7 14. Rac1 Rfc8 15. Qd3 Nc5 16. Bxc5 Qxc5 17. Nd2 a4 18. Na2 Qa7 19. Nb4 Rc5 20. Qb1 Rac8 21. Rc2 Rxc2 22. Nxc2 Qa5 23. Nb4 Qc5 24. Rd1 Bd8 25. Na2 Bb6 26. Rf1 Qc2 27. Qe1 Ba5 28. Nb4 Bxb4 29. axb4 b5 30. f3 Qxb2 31. f4 Rc2 0-1

[Event "Niedersachsen-ch 2020"]
[Site "Verden-Aller"]
[Date "2020.01.03"]
[Round "4.2"]
[White "Abel, Dennes"]
[Black "Ewert, Hannes"]
[Result "1/2-1/2"]
[ECO "A40"]
[WhiteElo "2463"]
[BlackElo "2256"]
[Annotator "RC"]
[PlyCount "117"]
[EventDate "2020.01.02"]
[EventType "swiss"]
[EventCountry "GER"]
[SourceTitle "playchess.com"]
[Source "ChessBase"]
[SourceQuality "1"]
[TimeControl "40/5400+30:1800+30"]

1. d4 Nf6 2. c4 e6 3. g3 Bb4+ 4. Nd2 O-O 5. Bg2 d5 6. Ngf3 b6 7. O-O Bb7 8. cxd5 exd5 9. Ne5 Bd6 10. Ndf3 c5 11. b3 Qe7 12. Bb2 Nc6 13. Nxc6 Bxc6 14. dxc5 bxc5 15. Nh4 Be5 16. Bxe5 Qxe5 17. Qc2 Nd7 18. Rac1 Rac8 19. Rfd1 Rfd8 20. Rd2 Nb6 21. Qxc5 Bb5 22. Qa3 Rxc1+ 23. Qxc1 Bxe2 24. Qe1 Re8 25. Bf1 Bxf1 26. Qxe5 Rxe5 27. Kxf1 Kf8 28. Nf3 Re8 29. Rc2 Rc8 30. Rxc8+ Nxc8 31. Ke2 Ke7 32. Nd4 g6 33. Kd3 Kd6 34. b4 a6 35. g4 Nb6 36. f4 f6 37. h4 Nc4 38. Nb3 Kc6 39. Kd4 Kb5 40. Nc5 Kxb4 41. Nxa6+ Ka3 42. g5 fxg5 43. hxg5 Nd6 44. Nc7 h6 45. gxh6 Nf5+ 46. Kxd5 Nxh6 47. Ke6 Nf5 48. Nd5 Kxa2 49. Kf6 Ng3 50. Kxg6 Kb3 51. Kg5 Kc4 52. Ne7 Kc5 53. Kg4 Ne4 54. Kf5 Ng3+ 55. Ke5 Kb6 56. Kd6 Ne2 57. Nd5+ Kb7 58. f5 Ng3 59. f6 1/2-1/2

[Event "Niedersachsen-ch 2020"]
[Site "Verden-Aller"]
[Date "2020.01.03"]
[Round "4.3"]
[White "Schmidt, Dennis"]
[Black "Schulze, Torben"]
[Result "0-1"]
[ECO "B30"]
[WhiteElo "2043"]
[BlackElo "2266"]
[Annotator "ChessBase"]
[PlyCount "158"]
[EventDate "2020.01.02"]
[EventType "swiss"]
[EventCountry "GER"]
[SourceTitle "playchess.com"]
[Source "ChessBase"]
[SourceQuality "1"]
[TimeControl "40/5400+30:1800+30"]

1. e4 c5 2. Nf3 Nc6 3. d3 g6 4. g3 Bg7 5. Bg2 e5 6. O-O Nge7 7. c3 O-O 8. Be3 b6 9. Qd2 d6 10. Bh6 Qc7 11. Bxg7 Kxg7 12. Na3 a6 13. d4 Bg4 14. d5 Na7 15. Nh4 Bd7 16. f4 f6 17. Rf2 Rae8 18. Raf1 Ng8 19. Nc2 Qd8 20. fxe5 fxe5 21. Qe2 b5 22. b4 cxb4 23. cxb4 Nc8 24. Ne3 Nf6 25. h3 Nb6 26. Kh2 Qc8 27. g4 h6 28. Qd2 Nh7 29. Nf3 Qd8 30. Qb2 Qf6 31. Ne1 Qg5 32. Qe2 Qd8 33. Kg3 Rxf2 34. Rxf2 Rf8 35. Rxf8 Kxf8 36. Qf2+ Kg7 37. h4 Qf6 38. Qxf6+ Nxf6 39. Bf3 Na4 40. g5 hxg5 41. hxg5 Nh7 42. Kh4 Nc3 43. a3 Kf7 44. Nd3 Nb1 45. Nc2 Nd2 46. Bg2 Bc8 47. Nc1 Nf8 48. Ne2 Nd7 49. Nc3 Nb6 50. Kg3 Nb3 51. Bf1 Bd7 52. Bd3 Ke7 53. Ne3 Nd4 54. Bf1 Na8 55. Bd3 Nc7 56. Ne2 Nb3 57. Ng4 Na8 58. Ne3 Nb6 59. Nc3 Nd4 60. Bf1 Na8 61. Bd3 Nc7 62. Ne2 Nb3 63. Ng4 Ne8 64. Ne3 Ng7 65. Ng2 Kf7 66. Kh4 Nd2 67. Ne1 Nh5 68. Bc2 Nc4 69. a4 bxa4 70. Nc3 a3 71. Bb3 Nd2 72. Bd1 Nf4 73. Nc2 Nc4 74. Kg3 Bb5 75. Bg4 Ke7 76. Bc8 Kd8 77. Nxb5 axb5 78. Ba6 a2 79. Bxb5 Na3 0-1

[Event "Niedersachsen-ch 2020"]
[Site "Verden-Aller"]
[Date "2020.01.03"]
[Round "4.4"]
[White "Hoerstmann, Rudi"]
[Black "Ermel, Dirk"]
[Result "1/2-1/2"]
[ECO "E91"]
[WhiteElo "2241"]
[BlackElo "2125"]
[Annotator "NA"]
[PlyCount "108"]
[EventDate "2020.01.02"]
[EventType "swiss"]
[EventCountry "GER"]
[SourceTitle "playchess.com"]
[Source "ChessBase"]
[SourceQuality "1"]
[TimeControl "40/5400+30:1800+30"]

1. Nf3 Nf6 2. c4 g6 3. Nc3 Bg7 4. e4 d6 5. d4 O-O 6. Be2 Nbd7 7. O-O e5 8. Qc2 Re8 9. Rd1 exd4 10. Nxd4 Nc5 11. f3 c6 12. Bg5 h6 13. Be3 Qe7 14. Re1 Bd7 15. Rad1 Rad8 16. Qd2 Kh7 17. Bf1 Bc8 18. b4 Ne6 19. Nb3 b6 20. a3 Qb7 21. Qc2 d5 22. Bf2 dxe4 23. Nxe4 Nxe4 24. Qxe4 Bc3 25. Rxd8 Rxd8 26. Re2 Qc7 27. c5 b5 28. Bg3 Qd7 29. Bd6 f5 30. Qd3 Qg7 31. Qc2 Re8 32. Kh1 Bd7 33. Qd3 Bf6 34. f4 Nd4 35. Nxd4 Bxd4 36. Rxe8 Bxe8 37. Be2 Bf6 38. Bf3 Qf7 39. Be5 Qe6 40. Qd6 Qxd6 41. cxd6 Bd8 42. Kg1 Kg8 43. Kf2 Kf7 44. Ke3 Ke6 45. Bd1 Bb6+ 46. Kd3 c5 47. Bf3 c4+ 48. Kd2 a5 49. Bb7 axb4 50. axb4 Ba7 51. Bf3 h5 52. g3 Bd7 53. Kc3 Bb8 54. Kd4 Ba7+ {[%emt 0:00:21] Ke4 Kxe5+} 1/2-1/2

[Event "Niedersachsen-ch 2020"]
[Site "Verden-Aller"]
[Date "2020.01.03"]
[Round "4.5"]
[White "Pubantz, Jan"]
[Black "Hartogh, Christian"]
[Result "0-1"]
[ECO "A62"]
[WhiteElo "2233"]
[BlackElo "2075"]
[Annotator "NA"]
[PlyCount "152"]
[EventDate "2020.01.02"]
[EventType "swiss"]
[EventCountry "GER"]
[SourceTitle "playchess.com"]
[Source "ChessBase"]
[SourceQuality "1"]
[TimeControl "40/5400+30:1800+30"]

1. d4 Nf6 2. c4 c5 3. d5 e6 4. Nc3 exd5 5. cxd5 d6 6. g3 g6 7. Bg2 Bg7 8. Nf3 O-O 9. O-O a6 10. a4 b6 11. Bf4 h6 12. e4 Nh5 13. Be3 Nd7 14. Nd2 Ne5 15. h3 Rb8 16. Qe2 Qc7 17. g4 Nf6 18. f4 Ned7 19. Qd3 Nh7 20. Nf3 c4 21. Qd2 Nc5 22. Nd4 Bxd4 23. Bxd4 Nb3 24. Qf2 Nxa1 25. Rxa1 f6 26. Qh4 Qg7 27. Bf1 g5 28. Qg3 Qc7 29. Be2 Rb7 30. Be3 b5 31. axb5 axb5 32. Bf3 b4 33. Ne2 c3 34. bxc3 bxc3 35. Nd4 c2 36. Rc1 Qc3 37. Qf2 gxf4 38. Bxf4 Ng5 39. Bxg5 fxg5 40. Rxc2 Qd3 41. Kg2 Rb1 42. Rd2 Qc3 43. Rc2 Qa1 44. Ra2 Qc3 45. Rc2 Qd3 46. Rd2 Qa3 47. Ra2 Qc1 48. Kh2 Bd7 49. Rc2 Qf4+ 50. Qg3 Qf6 51. Nf5 Bxf5 52. gxf5 Rfb8 53. Bg2 R1b3 54. Rc8+ Rxc8 55. Qxb3 Qe5+ 56. Qg3 Qxg3+ 57. Kxg3 Kg7 58. h4 Kf6 59. Kg4 gxh4 60. Kxh4 Rg8 61. Kh3 Ke5 62. Kh2 Kf4 63. Kh3 Kg5 64. Bf3 Rb8 65. Kg3 Rb3 66. Kf2 Kf4 67. Bg2 Rb2+ 68. Kg1 Kg3 69. Bf1 Rd2 70. Bb5 Rd1+ 71. Bf1 Re1 72. f6 Rxe4 73. Bg2 Rf4 74. Kh1 Rxf6 75. Kg1 Rf2 76. Bh1 Ra2 0-1

[Event "Niedersachsen-ch 2020"]
[Site "Verden-Aller"]
[Date "2020.01.03"]
[Round "4.6"]
[White "Renner, Kai"]
[Black "Stotyn, Fabian"]
[Result "1-0"]
[ECO "C05"]
[WhiteElo "2180"]
[BlackElo "2198"]
[Annotator "NA"]
[PlyCount "65"]
[EventDate "2020.01.02"]
[EventType "swiss"]
[EventCountry "GER"]
[SourceTitle "playchess.com"]
[Source "ChessBase"]
[SourceQuality "1"]
[TimeControl "40/5400+30:1800+30"]

1. e4 e6 2. d4 d5 3. Nd2 Nf6 4. e5 Nfd7 5. f4 c5 6. c3 Nc6 7. Ndf3 cxd4 8. cxd4 Bb4+ 9. Kf2 f6 10. g3 fxe5 11. fxe5 O-O 12. Kg2 Nb6 13. Bd3 Be7 14. h4 Qe8 15. h5 Bd7 16. Bb1 Qf7 17. Bf4 Nc4 18. Bc1 Kh8 19. b3 Nb6 20. Be3 Rac8 21. g4 Qg8 22. Nh3 Rxf3 23. Qxf3 Nb4 24. Qe2 a6 25. a3 Nc6 26. Nf4 Be8 27. Ng6+ Bxg6 28. hxg6 h6 29. g5 Bxg5 30. Bxg5 Nxd4 31. Qe3 Nf5 32. Bxf5 exf5 33. Rxh6+ 1-0

[Event "Niedersachsen-ch 2020"]
[Site "Verden-Aller"]
[Date "2020.01.03"]
[Round "4.7"]
[White "Hampel, Felix"]
[Black "Bargsten, Justus"]
[Result "1-0"]
[ECO "E06"]
[WhiteElo "2290"]
[BlackElo "2002"]
[Annotator "NA"]
[PlyCount "69"]
[EventDate "2020.01.02"]
[EventType "swiss"]
[EventCountry "GER"]
[SourceTitle "playchess.com"]
[Source "ChessBase"]
[SourceQuality "1"]
[TimeControl "40/5400+30:1800+30"]

1. c4 Nf6 2. Nf3 e6 3. d4 d5 4. g3 Be7 5. Bg2 O-O 6. O-O dxc4 7. Qc2 a6 8. a4 Bd7 9. Qxc4 Bc6 10. Bg5 Bd5 11. Qc2 Be4 12. Qd1 c6 13. Nc3 Bxf3 14. Bxf3 a5 15. e4 Ra6 16. Be3 Nbd7 17. Qc2 e5 18. dxe5 Nxe5 19. Be2 Ra8 20. Rad1 Qc8 21. Kg2 Bb4 22. Bd4 Re8 23. f4 Ned7 24. e5 Bxc3 25. bxc3 Nd5 26. Bg4 Qc7 27. Qb3 Rab8 28. c4 Nb4 29. Bxd7 Qxd7 30. Ba7 Qf5 31. Bxb8 Rxb8 32. Qb1 Qe6 33. Qe4 f5 34. Qe2 Re8 35. Rfe1 1-0

[Event "Niedersachsen-ch 2020"]
[Site "Verden-Aller"]
[Date "2020.01.03"]
[Round "4.8"]
[White "Gentemann, Moritz"]
[Black "Mueer, Sebastian"]
[Result "0-1"]
[ECO "E92"]
[WhiteElo "2185"]
[BlackElo "2223"]
[Annotator "NA"]
[PlyCount "86"]
[EventDate "2020.01.02"]
[EventType "swiss"]
[EventCountry "GER"]
[SourceTitle "playchess.com"]
[Source "ChessBase"]
[SourceQuality "1"]
[TimeControl "40/5400+30:1800+30"]

1. c4 Nf6 2. Nc3 g6 3. e4 d6 4. d4 Bg7 5. Be2 O-O 6. Nf3 e5 7. d5 a5 8. Bg5 h6 9. Bh4 Na6 10. Nd2 Qe8 11. O-O Bd7 12. b3 Nh7 13. a3 h5 14. f3 Bh6 15. Rb1 Be3+ 16. Kh1 Bc5 17. Qc1 f5 18. exf5 gxf5 19. b4 axb4 20. axb4 Bxb4 21. Rb3 Ba5 22. f4 exf4 23. Bd1 Nc5 24. Ra3 Qg6 25. Ncb1 Bb4 26. Rh3 Nf6 27. Rxf4 Ng4 28. Nf1 Ne4 29. Bc2 Bc5 30. Rhf3 Ne5 31. Rh3 Rae8 32. Ng3 Nf2+ 33. Rxf2 Bxf2 34. Nxh5 Ng4 35. Nf4 Qg7 36. Nd3 Bxh4 37. Rxh4 Rf6 38. Rh5 Rh6 39. Rxh6 Qxh6 40. Qg1 Re4 41. h3 Ne3 42. Bb3 Rg4 43. Ne1 Rg3 0-1

[Event "Niedersachsen-ch 2020"]
[Site "Verden-Aller"]
[Date "2020.01.03"]
[Round "4.9"]
[White "Meyer, Heinz-Dieter"]
[Black "Issing, Peter"]
[Result "1/2-1/2"]
[ECO "A17"]
[WhiteElo "2102"]
[BlackElo "2151"]
[Annotator "NA"]
[PlyCount "48"]
[EventDate "2020.01.02"]
[EventType "swiss"]
[EventCountry "GER"]
[SourceTitle "playchess.com"]
[Source "ChessBase"]
[SourceQuality "1"]
[TimeControl "40/5400+30:1800+30"]

1. c4 e6 2. Nf3 Nf6 3. Nc3 Bb4 4. Qc2 O-O 5. a3 Bxc3 6. Qxc3 d5 7. e3 b6 8. b4 Ne4 9. Qc2 a5 10. d3 Nf6 11. Bb2 axb4 12. axb4 Rxa1+ 13. Bxa1 Bb7 14. Be2 dxc4 15. dxc4 Qe7 16. Qc3 Na6 17. b5 Nc5 18. O-O Ra8 19. Ne5 Nfe4 20. Qc2 f6 21. Nd3 Nxd3 22. Bxd3 f5 23. Be5 Rd8 24. Rd1 Rd7 1/2-1/2

[Event "Niedersachsen-ch 2020"]
[Site "Verden-Aller"]
[Date "2020.01.03"]
[Round "4.10"]
[White "Marzik, Hans"]
[Black "Webner, Dennis"]
[Result "1/2-1/2"]
[ECO "A41"]
[WhiteElo "2047"]
[BlackElo "2113"]
[Annotator "NA"]
[PlyCount "65"]
[EventDate "2020.01.02"]
[EventType "swiss"]
[EventCountry "GER"]
[SourceTitle "playchess.com"]
[Source "ChessBase"]
[SourceQuality "1"]
[TimeControl "40/5400+30:1800+30"]

1. d4 d6 2. c4 e5 3. Nf3 Nc6 4. Nc3 Nf6 5. g3 Bg4 6. d5 Ne7 7. Bg2 Qd7 8. O-O Ng6 9. Qc2 Be7 10. Ng5 Ng8 11. f3 Bxg5 12. Bxg5 Bh3 13. Bxh3 Qxh3 14. Qa4+ Qd7 15. Nb5 Kf8 16. Qc2 N8e7 17. e4 f6 18. Be3 a6 19. Nc3 Kf7 20. c5 h5 21. Rac1 Rac8 22. Qe2 Nf8 23. Rc2 g5 24. f4 gxf4 25. gxf4 Qg4+ 26. Qxg4 hxg4 27. cxd6 cxd6 28. fxe5 dxe5 29. Rcf2 Nd7 30. Ne2 Rc2 31. Ng3 Rxf2 32. Rxf2 Rc8 33. Kg2 1/2-1/2

[Event "Niedersachsen-ch 2020"]
[Site "Verden-Aller"]
[Date "2020.01.03"]
[Round "4.11"]
[White "Eickhoff, Hermann"]
[Black "Seidenstuecker, Hans-Lennart"]
[Result "1-0"]
[ECO "A37"]
[WhiteElo "1785"]
[BlackElo "1714"]
[Annotator "NA"]
[PlyCount "59"]
[EventDate "2020.01.02"]
[EventType "swiss"]
[EventCountry "GER"]
[SourceTitle "playchess.com"]
[Source "ChessBase"]
[SourceQuality "1"]
[TimeControl "40/5400+30:1800+30"]

1. c4 c5 2. g3 g6 3. Bg2 Bg7 4. Nc3 Nc6 5. Nf3 e6 6. O-O Nge7 7. d3 O-O 8. e4 d6 9. Be3 Nd4 10. Bxd4 cxd4 11. Ne2 e5 12. b4 f5 13. exf5 gxf5 14. Qb3 Kh8 15. c5 e4 16. Ng5 d5 17. Nf4 Rf6 18. Rad1 a5 19. Nh5 Rg6 20. Nf7+ Kg8 21. Nxd8 a4 22. Qb1 Bh6 23. dxe4 fxe4 24. b5 Bg4 25. Nxb7 e3 26. Rxd4 Bxh5 27. Bxd5+ Nxd5 28. Rxd5 e2 29. Rxh5 exf1=Q+ 30. Kxf1 1-0

[Event "Niedersachsen-ch 2020"]
[Site "Verden-Aller"]
[Date "2020.01.03"]
[Round "4.12"]
[White "Korb, Ruben"]
[Black "Santos, Jose P"]
[Result "0-1"]
[ECO "B23"]
[WhiteElo "1709"]
[BlackElo "2282"]
[Annotator "NA"]
[PlyCount "42"]
[EventDate "2020.01.02"]
[EventType "swiss"]
[EventCountry "GER"]
[SourceTitle "playchess.com"]
[Source "ChessBase"]
[SourceQuality "1"]
[TimeControl "40/5400+30:1800+30"]

1. e4 c5 2. Nc3 e6 3. g3 d5 4. exd5 exd5 5. d4 Be6 6. Bg2 cxd4 7. Qxd4 Nc6 8. Qd3 Bb4 9. Bd2 Nge7 10. O-O-O Qa5 11. Nge2 O-O-O 12. Qb5 d4 13. Qxa5 Bxa5 14. Nb5 Bc7 15. Be4 Be5 16. Nf4 Nd5 17. Nd3 Bf6 18. Rhe1 a6 19. Na3 Rhe8 20. Nc5 Nde7 21. Bd3 Ne5 0-1

[Event "Niedersachsen-ch 2020"]
[Site "Verden-Aller"]
[Date "2020.01.04"]
[Round "5.2"]
[White "Schulze, Torben Dr."]
[Black "Riemay, David"]
[Result "0-1"]
[ECO "A45"]
[WhiteElo "2266"]
[BlackElo "2139"]
[Annotator "NA"]
[PlyCount "66"]
[EventDate "2020.01.02"]
[EventType "swiss"]
[EventCountry "GER"]
[SourceTitle "playchess.com"]
[Source "ChessBase"]
[SourceQuality "1"]
[TimeControl "40/5400+30:1800+30"]

1. e4 d6 2. g3 e5 3. Bg2 Nf6 4. Ne2 Be7 5. O-O c6 6. d4 Nbd7 7. h3 {[%emt 0:05:11] A45: Trompowsky Attack} (7. c4 O-O 8. Nbc3 a6 9. a4 a5 10. h3 Re8 11. Be3 exd4 12. Nxd4 Bf8 13. Qc2 Nc5 14. Rfe1 Qb6 15. f4 g6 16. Bf2 Qc7 {½-½ (37) Baburin,A (2527)-Galego,L (2515) Mallorca 2004}) 7... Qc7 8. Be3 $146 ({Predecessor:} 8. c4 h6 9. Nbc3 g5 10. Be3 Nf8 11. f4 gxf4 12. gxf4 Ng6 13. Qe1 Nh5 14. fxe5 dxe5 15. Qf2 Bg5 16. Rad1 Bxe3 17. Qxe3 Ngf4 18. Nxf4 Nxf4 19. Ne2 Nxg2 20. Kh1 exd4 21. Rxd4 {½-½ (21) Egger,B-Dettler,T Wuerttemberg 1993}) 8... h5 9. Qd2 Nb6 10. Qa5 (10. b3 $14) 10... h4 11. g4 {[%emt 0:07:21] [#]} Nxg4 $1 12. hxg4 Bxg4 13. f3 h3 14. fxg4 hxg2 15. Kxg2 Qd7 16. Ng3 Qxg4 17. Qe1 Nc4 18. Bf2 Qh3+ 19. Kf3 Rh4 20. c3 d5 21. Nd2 dxe4+ 22. Ndxe4 f5 23. Ke2 $19 fxe4 24. Kd1 exd4 25. Bxd4 O-O-O 26. Kc2 c5 27. Rh1 Qg2+ 28. Qf2 Qxf2+ 29. Bxf2 Rd2+ 30. Kb3 b5 31. Rab1 Na5+ 32. Ka3 c4+ 33. b4 cxb3+ 0-1

[Event "Niedersachsen-ch 2020"]
[Site "Verden-Aller"]
[Date "2020.01.04"]
[Round "5.3"]
[White "Hartogh, Christian"]
[Black "Renner, Kai"]
[Result "1/2-1/2"]
[ECO "B42"]
[WhiteElo "2075"]
[BlackElo "2180"]
[Annotator "ChessBase"]
[PlyCount "57"]
[EventDate "2020.01.02"]
[EventType "swiss"]
[EventCountry "GER"]
[SourceTitle "playchess.com"]
[Source "ChessBase"]
[SourceQuality "1"]
[TimeControl "40/5400+30:1800+30"]

1. e4 c5 2. Nf3 e6 3. d4 cxd4 4. Nxd4 a6 5. Bd3 g6 6. Qe2 Bg7 7. Be3 Nc6 8. Nxc6 bxc6 9. c3 d5 10. Bc5 Qc7 11. O-O Ne7 12. f4 dxe4 13. Bxe4 O-O 14. Na3 a5 15. Bd3 Re8 16. Rad1 Nd5 17. g3 e5 18. f5 e4 19. fxg6 hxg6 20. Bc4 Bh3 21. Rfe1 Rad8 22. Nc2 Bxc3 23. bxc3 Nxc3 24. Qe3 Nxd1 25. Qh6 Qe5 26. Qxg6+ Kh8 27. Qh6+ Kg8 28. Qg6+ Kh8 29. Qh6+ {Rd4} 1/2-1/2

[Event "Niedersachsen-ch 2020"]
[Site "Verden-Aller"]
[Date "2020.01.04"]
[Round "5.4"]
[White "Ermel, Dirk"]
[Black "Hampel, Felix"]
[Result "1/2-1/2"]
[ECO "B20"]
[WhiteElo "2125"]
[BlackElo "2290"]
[Annotator "ChessBase"]
[PlyCount "29"]
[EventDate "2020.01.02"]
[EventType "swiss"]
[EventCountry "GER"]
[SourceTitle "playchess.com"]
[Source "ChessBase"]
[SourceQuality "1"]
[TimeControl "40/5400+30:1800+30"]

1. e4 c5 2. c4 Nc6 3. Ne2 e6 4. d4 cxd4 5. Nxd4 Nf6 6. Nc3 Bb4 7. Nxc6 bxc6 8. Bd3 e5 9. O-O O-O 10. Bg5 h6 11. Be3 Bxc3 12. bxc3 d6 13. h3 Be6 14. f4 Qe7 15. Qf3 1/2-1/2